 Dungeon Crawl Stone Soup version 0.27-a0-1232-gc6a4cbde82 (webtiles) character file.

Game seed: 16660761410313790329

0 Goblin1989 the Sneak (level 1, -2/18 HPs)
             Began as a Demonspawn Delver on June 8, 2021.
             Slain by a hound (3 damage)
             ... on level 5 of the Dungeon.
             The game lasted 00:00:30 (51 turns).

Goblin1989 the Sneak (Demonspawn Delver)              Turns: 51, Time: 00:00:30

Health: -2/18      AC:  3    Str: 12    XL:     1   Next: 0%
Magic:  1/1        EV: 11    Int: 11    God:
Gold:   0          SH:  0    Dex: 14    Spells: 0/0 levels left

rFire    . . .     SeeInvis .   a - +0 short sword
rCold    . . .     Faith    .   (no shield)
rNeg     . . .     Spirit   .   b - +0 leather armour
rPois    .         Reflect  .   (no helmet)
rElec    .         Harm     .   (no cloak)
rCorr    .         Rampage  .   (no gloves)
Will     .....                  (no boots)
Stlth    ++........             (no amulet)
HPRegen  0.06/turn              (no ring)
MPRegen  0.07/turn              (no ring)

@: no status effects
A: no striking features
a: no special abilities


You were on level 5 of the Dungeon.
You visited 1 branch of the dungeon, and saw 1 of its levels.

Inventory:

Hand Weapons
 a - a +0 short sword (weapon)
Armour
 b - a +0 leather armour (worn)
Wands
 g - a wand of digging (3) {@v1}
Scrolls
 c - a scroll of fog
 e - a scroll of fear
 M - a scroll of magic mapping
Potions
 f - a potion of haste {@q3,}


   Skills:
 - Level 3.0 Fighting
 * Level 1.7 Short Blades
 - Level 1.7 Dodging
 - Level 4.5 Stealth


You couldn't memorise any spells.
You didn't know any spells.
Your spell library was empty.

Dungeon Overview and Level Annotations

Branches:
Dungeon (5/15)
 Temple: D:4-7

Altars:


Message History

You become a ghost!
Welcome, Goblin1989 the Demonspawn Delver.
Will you prevail where others failed? Will you find the Orb of Zot?
Press ? for a list of commands and other information.
Found a robe.
Found a stone staircase leading down.
A hound comes into view.
A jelly comes into view.
The hound barks!
The hound stops to sniff the ground.
The hound bites you.
You take 1 damage, and have 17/18 hp.
You miss the hound. The hound closely misses you. The hound barely misses you.
You miss the hound. The hound completely misses you.
You barely miss the hound. The hound bites you. The hound barely misses you.
You take 2 damage, and have 15/18 hp.
You closely miss the hound. The hound closely misses you.
You closely miss the hound. The hound bites you but does no damage.
The hound bites you.
You take 3 damage, and have 12/18 hp.
You closely miss the hound. The hound misses you.
You barely miss the hound. The hound closely misses you. The hound bites you.
* * * LOW HITPOINT WARNING * * *
You take 4 damage, and have 8/18 hp.
MASSIVE DAMAGE!!
You hit the hound.
The hound is lightly wounded.
The hound misses you.
You closely miss the hound.
The hound is lightly wounded.
The hound bites you.
* * * LOW HITPOINT WARNING * * *
The hound bites you but does no damage.
You take 3 damage, and have 5/18 hp.
You hit the hound.
The hound is moderately wounded.
The hound bites you but does no damage.
You hit the hound.
The hound is heavily wounded.
The hound bites you.
* * * LOW HITPOINT WARNING * * *
The hound barely misses you.
You take 2 damage, and have 3/18 hp.
You closely miss the hound.
The hound is heavily wounded.
The hound bites you but does no damage.
You completely miss the hound.
The hound is heavily wounded.
The hound barely misses you. The hound bites you but does no damage.
You hit the hound.
The hound is severely wounded.
The hound bites you.
* * * LOW HITPOINT WARNING * * *
The hound bites you.
You die...

█.█ █.█ █.█ █≈█ █.█ █.█
█.█ █.█ ████████.
██.████████████.......J
█...............█.█████
█.██.███....█████ █ █.
█.█ █.████ █. █.█ █@█
█. █.█


█h█ █. █.█ ..█ █. █....██ ..... .████ You could see a hound.

Vanquished Creatures (others)
  8 fungi (D:5)
8 creatures vanquished.

Notes
Turn   | Place    | Note
-------+----------+-------------------------------------------
     0 | D:5      | Goblin1989 the Demonspawn Delver began the quest for the
                  | Orb.
     0 | D:5      | Reached XP level 1. HP: 18/18 MP: 1/1
    23 | D:5      | Noticed a hound
    29 | D:5      | Noticed a jelly
    51 | D:5      | Slain by a hound

Illustrated notes

Levels and vault maps discovered:
D:5:      layout_rooms, serial_aquarium, aquarium_bridge_square
          [aquarium_subvault_window, aquarium_subvault_bridge,
          aquarium_subvault_window, aquarium_subvault_bridge],
          aquarium_window_1, aquarium_window_corridor_3, aquarium_window_fake,
          aquarium_window_fake, aquarium_view_2f, aquarium_pool_1

Action                   || total
-------------------------++-------
Melee: Short sword       ||    14
Armor: Leather armour    ||     5
Dodge: Dodged            ||    10

Table legend: (Time is in decaauts)
 A = Elapsed time spent in this place.
 B = Non-inter-level travel time spent in this place.
 C = Inter-level travel time spent in this place.
 D = Time resting spent in this place.
 E = Time spent auto-exploring this place.
 F = Levels seen in this place.
 G = Mean time per level.
                   A        B        C        D        E       F      G
               +--------+--------+--------+--------+--------+-----+--------+
         Total |     51 |     51 |      0 |      0 |      0 |   1 |   51.0 |
       Dungeon |     51 |     51 |      0 |      0 |      0 |   1 |   51.0 |
               +--------+--------+--------+--------+--------+-----+--------+

Top non-repeatable levels by time:
     D:5: 51 daAuts
